 Dungeon Crawl Stone Soup version 0.28.0-1-gb440e238dd (webtiles) character file.

Game seed: 1461770077686967840

30 Zeldest the Caller (level 3, 0/18 HPs)
             Began as a Vine Stalker Summoner on Feb 21, 2022.
             Succumbed to Sigmund's poison
             ... on level 2 of the Dungeon.
             The game lasted 00:05:34 (773 turns).

Zeldest the Caller (Vine Stalker Summoner)           Turns: 773, Time: 00:05:35

Health: 0/18       AC:  2    Str: 10    XL:     3   Next: 20%
Magic:  2/16       EV: 12    Int: 17    God:
Gold:   70         SH:  0    Dex: 14    Spells: 0/6 levels left

rFire   . . .      SeeInvis .     - Unarmed
rCold   . . .      Faith    .   (no shield)
rNeg    . . .      Spirit   +   a - +0 robe
rPois   .          Reflect  .   (no helmet)
rElec   .          Harm     .   (no cloak)
rCorr   .          Rampage  .   (no gloves)
Will    .....                   (no boots)
Stlth   ++........              (no amulet)
HPRegen 0.06/turn               e - ring of magical power
MPRegen 0.15/turn               (no ring)

@: lethally poisoned (0 -> -3), very slightly contaminated, hasted, very quick
A: fangs 2, magic shield, antimagic bite, no potion heal 2
a: no special abilities


You were on level 2 of the Dungeon.
You visited 1 branch of the dungeon, and saw 2 of its levels.

You collected 70 gold pieces.

Inventory:

Armour
 a - a +0 robe (worn)
Jewellery
 e - a ring of magical power (left hand)
Scrolls
 d - a scroll of blinking {unknown}
 f - a scroll of amnesia {unknown}
 g - a scroll of immolation {unknown}
Potions
 c - a potion of haste


   Skills:
 + Level 1.1 Fighting
 - Level 1.5 Dodging
 - Level 2.4 Stealth
 + Level 1.2 Unarmed Combat
 - Level 2.1 Spellcasting
 + Level 0.9 Conjurations
 + Level 4.2 Summonings


You couldn't memorise any spells.
You knew the following spells:

 Your Spells              Type           Power      Damage    Failure   Level
a - Call Imp              Summ           16%        N/A       4%          2
b - Summon Small Mammal   Summ           64%        N/A       3%          1
c - Call Canine Familiar  Summ           16%        N/A       10%         3

Your spell library contained the following spells:

 Spells                   Type           Power      Damage    Failure   Level
 Summon Guardian Golem    Hex/Summ       9%         N/A       24%         3
 Summon Lightning Spire   Summ/Air       9%         N/A       61%         4
 Orb of Destruction       Conj           2%         9d5       100%        7
 Spellforged Servitor     Conj/Summ      5%         N/A       100%        7


Dungeon Overview and Level Annotations

Branches:
Dungeon (2/15)

Altars:

Annotations:
D:2 Sigmund


Innate Abilities, Weirdness & Mutations

You have extremely sharp teeth.
When hurt, damage is shared between your health and your magic reserves.
Your bite disrupts and absorbs the magic of your enemies.
Potions cannot restore your health.


Message History

Attack!
Sigmund casts a spell at you.
You are confused.
It was a potion of haste.
You feel yourself speed up.
Your shadow imp barely misses Sigmund.
Sigmund gestures at you while chanting.
You are more confused.
Your shadow imp hits Sigmund but does no damage.
Your shadow imp hits Sigmund.
You're too confused to cast spells.
It was a potion of heal wounds.
That seemed strangely inert.
Sigmund hits you from afar with a +1 scythe of venom.
You are too confused!
You are too confused!
There is an open door here.
You bump into the rock wall.
Your shadow imp closely misses Sigmund.
Your shadow imp disappears in a puff of smoke!
Sigmund closely misses you.
You hit Sigmund but do no damage.
Sigmund is heavily wounded.
You're too confused to move!
Sigmund hits you with a +1 scythe of venom!
* * * LOW HITPOINT WARNING * * *
You are lethally poisoned!
Okay, then.
* * * LOW HITPOINT WARNING * * *
You feel sick.
* * * LOW HITPOINT WARNING * * *
You feel sick. Sigmund completely misses you.
* * * LOW HITPOINT WARNING * * *
You feel sick. Sigmund barely misses you.
* * * LOW HITPOINT WARNING * * *
You feel sick.
You hit Sigmund. You bite Sigmund, but do no damage.
Sigmund is heavily wounded.
Sigmund completely misses you.
You hit Sigmund. Your bite misses Sigmund.
Sigmund is severely wounded.
You feel less confused.
You die...

#.########## ##### #..5.......#
#...
##########5##########.#######
.........).5...............
#.##.###.########.......#
##..#.###.########.......#
#.......#.##......†.†....#
#.>........'.............+
#.....#+#'##.@@..........#
#.............†...##'########## #
#.#.#.............##...†.......
#.#.#.#.............#######......
#.#.################# #.)..b.
#.#.# #5).... #...## +...bh.
#....# #...... #.#..# #......


You could see Sigmund.

Vanquished Creatures
  An endoplasm (D:1)
  A hobgoblin (D:1)
  A kobold (D:1)
  4 quokkas
  2 ball pythons (D:1)
  A frilled lizard (D:1)
  A goblin (D:1)
  3 rats
14 creatures vanquished.

Vanquished Creatures (collateral kills)
  A dart slug (D:2)
  A bat (D:2)
  An endoplasm (D:2)
  A giant cockroach (D:1)
  4 goblins
  2 hobgoblins
  A ball python (D:2)
  A frilled lizard (D:1)
12 creatures vanquished.

Grand Total: 26 creatures vanquished

Notes
Turn   | Place    | Note
-------+----------+-------------------------------------------
     0 | D:1      | Zeldest the Vine Stalker Summoner began the quest for the
                  | Orb.
     0 | D:1      | Reached XP level 1. HP: 9/9 MP: 4/4
    16 | D:2      | Noticed Sigmund
   133 | D:1      | Reached XP level 2. HP: 10/14 MP: 4/6
   136 | D:1      | Learned a level 2 spell: Call Imp
   347 | D:1      | Reached skill level 1 in Unarmed Combat
   606 | D:2      | Reached skill level 1 in Fighting
   613 | D:2      | Reached XP level 3. HP: 16/18 MP: 7/7
   618 | D:2      | Learned a level 3 spell: Call Canine Familiar
   773 | D:2      | Succumbed to Sigmund's poison

Illustrated notes

Levels and vault maps discovered:
D:1:      scummos_arrival_forest, layout_basic
D:2:      layout_basic, basic_altar, uniq_crazy_yiuf_cottage, uniq_sigmund,
          uniq_terence

Skill      XL: |  1  2 |
---------------+-------+-----
Unarmed Combat | 1 |  1.2
Fighting       | 1 |  1.1
Dodging        | |  1.5
Stealth        | |  2.4
Spellcasting   | |  2.1
Conjurations   | |  0.9
Summonings     | |  4.2

Action                   || total
-------------------------++-------
Melee: Unarmed           ||    57
       Bite              ||    15
       Punch             ||     2
 Cast: Summon Small Mamm ||    12
       Call Imp          ||     9
       Call Canine Famil ||     2
  Use: Potion            ||     2
 Stab: Sleeping          ||     2
Armor: Robe              ||    11
Dodge: Dodged            ||    40
